AoeStats
← Chiripa605

Lombardia

509647345Analyzed
3v3 RM · 3d ago on Sep 27, 2026· 43m 5s· 6 players
Game mode
Random Map
Map size
Normal (6 player)
Population
200
Speed
Normal
Resources
Standard
Victory
Conquest
Starting age
Dark Age
Ending age
Imperial Age
RankedLock teamsTeams togetherTeam positionsShared explorationLock speedFull tech treeHidden civsTurbo modeCheats
Victory
Defeat
🇪🇸 Italians · Spain
1571
+14
🇺🇸 Sicilians · United States
1450
+20
🇨🇴 Khmer · Colombia
1436
+19
🇫🇷 Varangians · France
1553
-19
🇫🇷 Persians · France
1521
-18
1482
-16
Pinardouille la fripouille
10:36 Feudal Age
10:23 Loom
12:02 Double-Bit Axe
14:25 Castle Age
12:40 Horse Collar
17:26 Wheelbarrow
26:37 Imperial Age
26:19 Hand Cart
26:27 Bow Saw
26:17 Heavy Plow
26:42 Detinets
30:36 Conscription
30:56 Pikeman
31:14 Onager
32:00 Halberdier
32:41 Squires
32:42 Scale Mail Armor
32:53 Forging
34:08 Chain Mail Armor
35:31 Iron Casting
36:50 Plate Mail Armor
40:44 Siege Engineers
42:06 Blast Furnace
Maestro Gim's
10:58 Feudal Age
15:05 Castle Age
13:48 Double-Bit Axe
14:27 Horse Collar
16:28 Bow Saw
19:54 Loom
22:28 Wheelbarrow
23:15 Heavy Plow
23:34 Stone Mining
24:39 Hand Cart
24:44 Gold Mining
26:05 Town Watch
29:32 Imperial Age
27:32 Scale Barding Armor
27:59 Forging
28:52 Chain Barding Armor
30:27 Iron Casting
30:24 Caravan
30:41 Bloodlines
30:31 Husbandry
31:08 Plate Barding Armor
31:49 Conscription
31:56 Elite Jarl
34:32 Blast Furnace
33:51 Fortified Wall
34:44 Ballistics
34:35 Masonry
36:51 Chemistry
36:46 Fletching
39:33 Bodkin Arrow
39:11 Elite Skirmisher
39:52 Padded Archer Armor
39:29 Light Cavalry
40:10 Scale Mail Armor
41:36 Architecture
41:11 Siege Engineers
MissBigoudixxx
11:05 Feudal Age
14:51 Castle Age
13:18 Horse Collar
13:26 Double-Bit Axe
13:28 Loom
17:48 Bow Saw
21:58 Scale Barding Armor
23:17 Bloodlines
23:17 Husbandry
24:33 Wheelbarrow
25:08 Chain Barding Armor
29:56 Imperial Age
28:04 Forging
29:58 Iron Casting
29:41 Hand Cart
29:42 Cavalier
31:13 Plate Barding Armor
32:22 Caravan
33:30 Savar
34:41 Pikeman
35:21 Squires
35:41 Halberdier
36:23 Scale Mail Armor
cM´ | TheFallen
7:17 Loom
11:52 Feudal Age
12:38 Double-Bit Axe
12:56 Stone Mining
16:02 Castle Age
13:50 Horse Collar
17:09 Bow Saw
16:52 Fletching
18:05 Wheelbarrow
18:11 Bodkin Arrow
25:29 Town Watch
26:06 Gold Mining
28:21 Ballistics
30:48 Wheelbarrow
34:34 Imperial Age
33:05 Padded Archer Armor
35:24 Bracer
36:27 Chemistry
36:35 Conscription
36:45 Thumb Ring
36:19 Elite Skirmisher
37:21 Leather Archer Armor
37:54 Silk Road
Chiripa605
1:02 Loom
11:01 Feudal Age
11:40 Double-Bit Axe
17:02 Castle Age
15:18 Horse Collar
15:34 Gold Mining
17:58 Bow Saw
23:37 Wheelbarrow
23:51 Stone Mining
24:49 Heavy Plow
25:37 Scale Mail Armor
25:39 Squires
26:12 Hand Cart
26:50 Chain Mail Armor
27:10 Pikeman
29:27 Stone Shaft Mining
32:31 Imperial Age
30:40 Fletching
31:22 Ballistics
30:59 Murder Holes
32:24 Bodkin Arrow
33:23 First Crusade
32:34 Elite Serjeant
33:47 Plate Mail Armor
33:57 Bracer
35:34 Chemistry
34:45 Masonry
35:00 Conscription
34:59 Forging
35:53 Gold Shaft Mining
35:16 Capped Ram
36:40 Iron Casting
36:38 Crop Rotation
35:44 Halberdier
38:14 Siege Ram
40:46 Siege Engineers
40:58 Arrowslits
le Julianchy
10:25 Feudal Age
14:33 Castle Age
12:49 Double-Bit Axe
13:12 Horse Collar
18:21 Bow Saw
20:38 Heavy Plow
21:55 Wheelbarrow
22:17 Wheelbarrow
22:01 Loom
23:47 Hand Cart
23:39 Town Watch
24:27 Gold Mining
24:29 Stone Mining
26:24 Gold Shaft Mining
27:27 Forging
27:23 Scale Barding Armor
28:38 Stone Shaft Mining
31:24 Imperial Age
29:18 Bloodlines
29:09 Husbandry
30:14 Chain Barding Armor
30:37 Iron Casting
30:38 Fletching
31:59 Tusk Swords
31:25 Light Cavalry
32:43 Conscription
33:26 Plate Barding Armor
34:01 Blast Furnace
33:33 Crop Rotation
35:53 Bodkin Arrow
36:57 Ballistics
36:48 Masonry
37:43 Hoardings
37:53 Crossbowman
38:59 Bracer
39:00 Padded Archer Armor
40:24 Chemistry
39:55 Architecture
41:09 Leather Archer Armor
40:34 Arbalester
42:32 Ring Archer Armor
Connection lost

Rejoining the realm…

Still unreachable

The connection could not be restored.

Session expired

The server has moved on; the page needs a fresh start.